Map: Orbital Shipyard

Players

Velvacaine

  • Race: Protoss Protoss
  • League: Platinum

LilDicky - Winner!

  • Race: Terran Terran
  • League: Gold

VOD

http://www.twitch.tv/tumescentpie

Description

Time

  • Played on: Nov. 20, 2015, 12:40 a.m.
  • Length: 6:12
Show
View Real Time Build Order
Export as new Build Order

Velvacaine Protoss 

Build Orders: 1 Gate Expand, Oracle Opening 

Get SALT Encoding   

  12  0:01  Probe (Chrono Boost)  
  13  0:11  Probe (Chrono Boost)  
  14  0:17  Pylon  
  14  0:22  Probe (Chrono Boost)  
  15  0:36  Probe (Chrono Boost)  
  16  0:44  Gateway  
  16  0:46  Probe (Chrono Boost)  
  18  0:57  Probe (Chrono Boost)  
  18  1:07  Probe (Chrono Boost)  
  18  1:10  Assimilator  
  19  1:18  Probe (Chrono Boost)  
  20  1:33  Cybernetics Core  
  20  1:34  Probe (Chrono Boost)  
  21  1:42  Nexus  
  21  1:47  Pylon  
  21  1:49  Probe (Chrono Boost)  
  22  1:56  Assimilator  
  22  2:00  Probe (Chrono Boost)  
  25  2:16  Mothership Core (Chrono Boost)  
  25  2:23  Adept  
  27  2:34  Probe (Chrono Boost)  
  28  2:42  Warp Gate  
  28  2:45  Probe (Chrono Boost)  
  29  2:55  Probe (Chrono Boost)  
  29  2:56  Adept  
  29  2:57  Probe (Chrono Boost)  
  33  3:05  Pylon  
  33  3:06  Probe (Chrono Boost)  
  33  3:08  Probe (Chrono Boost)  
  33  3:10  Stargate  
  35  3:16  Probe (Chrono Boost)  
  35  3:18  Probe (Chrono Boost)  
  36  3:25  Assimilator  
  37  3:27  Probe (Chrono Boost)  
  37  3:29  Probe (Chrono Boost), Assimilator  
  38  3:37  Probe (Chrono Boost)  
  40  3:41  Probe (Chrono Boost)  
  40  3:48  Probe (Chrono Boost), Pylon  
  41  3:52  Probe (Chrono Boost)  
  42  3:58  Probe (Chrono Boost), Oracle  
  42  4:01  Adept  
  48  4:03  Probe (Chrono Boost)  
  48  4:09  Probe (Chrono Boost)  
  50  4:17  Robotics Facility  
  50  4:30  Probe (Chrono Boost)  
  51  4:46  Stargate  
  51  4:47  Fleet Beacon, Probe (Chrono Boost)  
  51  4:48  Probe (Chrono Boost)  
  51  4:49  Pylon  
  53  4:58  Probe x2 (Chrono Boost), Adept  
  60  5:10  Probe x2 (Chrono Boost)  
  57  5:45  Gateway  
  49  5:53  Mothership Core (Chrono Boost), Stalker  
  49  6:10  Gateway  
Show
View Real Time Build Order
Export as new Build Order

LilDicky Terran - Winner!

Build Orders: MMM Bio 

Get SALT Encoding   

  12  0:01  SCV  
  13  0:13  SCV  
  14  0:18  Supply Depot  
  14  0:27  SCV, Refinery  
  15  0:40  SCV  
  16  0:50  Barracks  
  16  0:52  SCV  
  17  1:04  SCV  
  18  1:16  SCV  
  19  1:28  SCV  
  20  1:38  Factory, Marine  
  20  1:39  Supply Depot  
  21  1:43  Orbital Command  
  21  1:59  Marine  
  22  2:09  SCV  
  22  2:12  Barracks  
  22  2:13  Barracks  
  23  2:22  Barracks Reactor  
  23  2:28  SCV  
  24  2:32  Refinery  
  24  2:40  SCV, Widow Mine  
  27  2:44  Supply Depot  
  26  2:58  SCV  
  27  3:01  Barracks Tech Lab x2  
  27  3:08  Supply Depot  
  27  3:10  Widow Mine  
  29  3:20  Stimpack  
  29  3:21  Combat Shields  
  29  3:23  Marine x2  
  29  3:24  Marine x2  
  29  3:25  SCV  
  34  3:31  Supply Depot  
  32  3:44  SCV  
  32  3:46  Marauder x2  
  39  3:48  Marine  
  39  3:55  Marine  
  38  3:56  SCV  
  38  3:59  Supply Depot  
  40  4:06  Starport  
  40  4:10  Marauder  
  40  4:14  Marauder  
  42  4:32  Marauder  
  42  4:33  Marine x2  
  46  4:40  Concussive Shells  
  46  4:42  Medivac  
  48  4:51  Supply Depot  
  48  4:55  SCV  
  48  4:57  Marauder x2, Marine  
  48  4:58  Marine  
  52  5:19  Widow Mine  
  38  5:36  Marine x2  
  38  5:37  Marauder x2  
  38  5:42  Medivac  
  46  5:54  Marine x2  
Tags
 
Add a new tag
Caveats
  • Supply blocks, unpowered buildings, or Contaminate may cause inaccurate times.
  • Supply counts are checked every 10 seconds.